cohdb
Replays
Latest Replays
All Replays
Popular Replays
Top Player Replays
Match Explorer
How It Works
Community
CoH3 Stats
Reddit
Sign in to upload your games and track your stats! →
Sign in with Steam
Match 46276637
Unlisted
Match 46276637
Overview
Messages
Build Orders
End
Kradschützen Motorcycle Team
Panzergrenadier Squad
Panzergrenadier Squad
Construct Light Support Kompanie
MG34 Team
Fire Support Elements
Flakvierling Half-track
Selects Italian Infantry
Panzerjäger Mechanized Group
Selects Guastatori Squad
Guastatori Squad
Selects Defensive Operations
Construct Panzerarmee Kommand
2.5-tonne Medical Truck
Panzer III L Medium Tank
Vehicle Survival Package
Selects Registered Artillery
Selects Towed Cannone da 105/28 Field Howitzer
Armored Reserves
Panzer IV Assault Group
Selects Territory Booby Traps
Selects Obice 305mm Barrage
Emergency Repair Kits
Obice 305mm Barrage
Tiger Heavy Tank
Tanzdiktator
Na_Orbite
Ra11
aSIIDemolitionHammer
0
0
Comments
sign in to comment!
No comments posted yet!